 Dungeon Crawl Stone Soup version 0.28-a0-1190-g77e1c55843 (webtiles) character file.

Game seed: 3236357076566001710

406 ChaosChampion the Magician (level 6, -14/32 HPs)
             Began as a Deep Elf Conjurer on Dec 18, 2021.
             Demolished by an ogre (22 damage)
             ... on level 4 of the Dungeon.
             The game lasted 00:03:01 (3286 turns).

ChaosChampion the Magician (Deep Elf Conjurer)      Turns: 3286, Time: 00:03:01

Health: -14/32     AC:  4    Str:  4    XL:     6   Next: 56%
Magic:  0/18       EV: 12    Int: 25    God:
Gold:   191        SH:  0    Dex: 13    Spells: 9/20 levels left

rFire   . . .      SeeInvis .   (no weapon)
rCold   . . .      Faith    .   (no shield)
rNeg    . . .      Spirit   .   a - +0 robe
rPois   .          Reflect  .   (no helmet)
rElec   .          Harm     .   b - +0 cloak
rCorr   .          Rampage  .   h - +0 pair of gloves
Will    .....                   (no boots)
Stlth   ++........              (no amulet)
HPRegen 0.10/turn               (no ring)
MPRegen 0.16/turn               (no ring)

@: no status effects
A: no striking features
a: no special abilities


You were on level 4 of the Dungeon.
You visited 1 branch of the dungeon, and saw 4 of its levels.

You collected 191 gold pieces.

Inventory:

Armour
 a - a +0 robe (worn)
 b - a +0 cloak (worn)
 h - a +0 pair of gloves (worn)
Scrolls
 c - 2 scrolls of blinking {unknown}
 e - a scroll of immolation {unknown}
 f - a scroll of noise {unknown}
 g - a scroll of fog {unknown}
 i - a scroll of identify {unknown}
 j - 2 scrolls of teleportation {unknown}
 k - a scroll of vulnerability {unknown}
 m - a scroll of amnesia {unknown}
Potions
 d - a potion of resistance {unknown}
 l - a potion of curing {unknown}


   Skills:
 - Level 2.4 Dodging
 - Level 2.4 Stealth
 * Level 7.7 Spellcasting
 + Level 6.0 Conjurations
 * Level 1.4 Hexes
 + Level 0.5 Translocations


You had 9 spell levels left.
You knew the following spells:

 Your Spells              Type           Power      Damage    Failure   Level
a - Magic Dart            Conj           100%       1d8       1%          1
b - Searing Ray           Conj           80%        2d7       1%          2
c - Fulminant Prism       Conj/Hex       14%        3d9       13%         4
d - Iskenderun's Mystic   Conj/Tloc      26%        2d7       16%         4

Your spell library contained the following spells:

 Spells                   Type           Power      Damage    Failure   Level
 Dazzling Flash           Conj/Hex       56%        N/A       4%          3


Dungeon Overview and Level Annotations

Branches:
Dungeon (4/15)
 Temple: D:4-7

Altars:
Dithmenos
Kikubaaqudgha
Ru


Message History

Casting: Magic Dart (safe; 1% risk of failure)
Confirm with . or Enter, or press ? or * to list all spells.
You can't see any susceptible monsters within range! (Use Z to cast anyway.)
Casting: Magic Dart (safe; 1% risk of failure)
Confirm with . or Enter, or press ? or * to list all spells.
You can't see any susceptible monsters within range! (Use Z to cast anyway.)
A water moccasin comes into view.
A water moccasin is nearby!
A water moccasin is nearby!
Casting: Magic Dart (safe; 1% risk of failure)
Confirm with . or Enter, or press ? or * to list all spells.
Aiming: Magic Dart (safe; 1% risk of failure)
Press: ? - help, Shift-Dir - straight line, f - water moccasin
Aim: a water moccasin (wandering, hasn't noticed you, 100% to hit)
The magic dart hits the water moccasin but does no damage.
The water moccasin hisses angrily.
An ogre comes into view. It is wielding a +0 giant spiked club.
Casting: Magic Dart (safe; 1% risk of failure)
Confirm with . or Enter, or press ? or * to list all spells.
Aiming: Magic Dart (safe; 1% risk of failure)
Press: ? - help, Shift-Dir - straight line, f/p - water moccasin
Aim: a water moccasin (100% to hit)
The magic dart hits the water moccasin.
The water moccasin is lightly wounded.
The ogre hits you with a +0 giant spiked club!
* * * LOW HITPOINT WARNING * * *
Things that are here:
a +0 club; a goblin corpse
Casting: Magic Dart (safe; 1% risk of failure)
Confirm with . or Enter, or press ? or * to list all spells.
The spell is extremely dangerous to miscast (16% risk of failure)!
Continue anyway?
You erupt in a blast of force!
The mystic blast hits the water moccasin!
The water moccasin is moderately wounded.
The water moccasin is knocked back by the mystic blast.
The mystic blast hits the ogre!
The ogre is moderately wounded.
The ogre hits you with a +0 giant spiked club!!
Ouch! That really hurt!
You die...

#$ ).# )#.#
.#######†.#
.†.)S..S.# .######)##
###.#### #......# .#
#.#O##.# .# #.#@# .#
.# #...# .# .#
##########..###.# .#
#.....##........#
.####.....##.#......#
..........##.##....##
.).##(....##.####..#
##.##.....##.####..#
##.#########(...>..#


You could see a water moccasin and an ogre.

Vanquished Creatures
  An ogre (D:4)
  A bullfrog (D:3)
  A scorpion (D:4)
  A howler monkey (D:4)
  An orc priest (D:3)
  A jelly (D:4)
  An iguana (D:4)
  2 adders
  An ufetubus (D:4)
  5 orcs
  3 bats
  2 endoplasms
  2 giant cockroaches
  7 goblins
  5 hobgoblins
  2 kobolds
  3 quokkas
  4 ball pythons
  2 frilled lizards (D:3)
  2 rats
47 creatures vanquished.

Notes
Turn   | Place    | Note
-------+----------+-------------------------------------------
     0 | D:1      | ChaosChampion the Deep Elf Conjurer began the quest for the
                  | Orb.
     0 | D:1      | Reached XP level 1. HP: 10/10 MP: 6/6
   668 | D:1      | Reached XP level 2. HP: 15/15 MP: 5/8
   733 | D:1      | Found a faded altar of an unknown god.
  1319 | D:2      | Found an ancient bone altar of Kikubaaqudgha.
  1358 | D:2      | Learned a level 2 spell: Searing Ray
  1706 | D:2      | Reached skill level 4 in Spellcasting
  1960 | D:3      | Noticed a bullfrog
  1966 | D:3      | Killed a bullfrog
  1967 | D:3      | Reached skill level 5 in Spellcasting
  1967 | D:3      | Reached skill level 5 in Conjurations
  1967 | D:3      | Reached XP level 3. HP: 11/19 MP: 2/11
  1967 | D:3      | Reached XP level 4. HP: 14/24 MP: 2/13
  2234 | D:3      | Reached skill level 6 in Spellcasting
  2389 | D:3      | Reached XP level 5. HP: 28/28 MP: 12/15
  3027 | D:4      | Found a shadowy altar of Dithmenos.
  3066 | D:4      | Found a sacrificial altar of Ru.
  3078 | D:4      | Noticed an ogre
  3081 | D:4      | Reached skill level 7 in Spellcasting
  3085 | D:4      | Killed an ogre
  3086 | D:4      | Reached XP level 6. HP: 32/32 MP: 9/18
  3091 | D:4      | Learned a level 4 spell: Fulminant Prism
  3096 | D:4      | Learned a level 4 spell: Iskenderun's Mystic Blast
  3271 | D:4      | Reached skill level 1 in Hexes
  3278 | D:4      | Noticed a water moccasin
  3286 | D:4      | Demolished by an ogre

Illustrated notes

Levels and vault maps discovered:
D:1:      psy_arrival_dodecagon, layout_loops_corners,
          hellmonk_ecumenical_altar_inner_sanctum
D:2:      layout_basic, basic_altar, serial_glass, glass_columns_c,
          glass_columns_b, glass_columns_a, glass_columns_a
D:3:      layout_loops_ring, chequers_serial_rivers_small_b
D:4:      minmay_angry_zag, layout_loops_cross, zin_academy,
          grunt_temple_overflow_open, minmay_manual_mail

Skill      XL: |  1  2  3  4  5  6 |
---------------+-------------------+-----
Spellcasting   | 5 6 7 |  7.7
Conjurations   | 5 6 |  6.0
Hexes          | 1 |  1.4
Dodging        | |  2.4
Stealth        | |  2.4
Translocations | |  0.5

Action                   |  1- 3 |  4- 6 || total
-------------------------+-------+-------++-------
 Cast: Magic Dart        |    34 |    69 ||   103
       Searing Ray       |     1 |     6 ||     7
       Iskenderun's Myst |       |     1 ||     1
Armor: Robe              |     2 |       ||     2
Dodge: Dodged            |     6 |     2 ||     8

Table legend: (Time is in decaauts)
 A = Elapsed time spent in this place.
 B = Non-inter-level travel time spent in this place.
 C = Inter-level travel time spent in this place.
 D = Time resting spent in this place.
 E = Time spent auto-exploring this place.
 F = Levels seen in this place.
 G = Mean time per level.
                   A        B        C        D        E       F      G
               +--------+--------+--------+--------+--------+-----+--------+
         Total |   3286 |   3143 |    143 |    235 |   2638 |   4 |  821.5 |
       Dungeon |   3286 |   3143 |    143 |    235 |   2638 |   4 |  821.5 |
               +--------+--------+--------+--------+--------+-----+--------+

Top non-repeatable levels by time:
     D:1: 1243 daAuts
     D:3: 930 daAuts
     D:2: 788 daAuts
     D:4: 324 daAuts
